 Dungeon Crawl Stone Soup version 0.30-a0-12-gd8047c6341 (webtiles) character file.

Game seed: 3566705149018364046

83 IdlyInterested the Trooper (level 4, -6/39 HPs)
             Began as a Demonspawn Wanderer on Aug 23, 2022.
             Mangled by Grinder (9 damage)
             ... on level 3 of the Dungeon.
             The game lasted 00:06:39 (2273 turns).

IdlyInterested the Trooper (Demonspawn Wanderer)    Turns: 2273, Time: 00:06:40

Health: -6/39      AC:  6    Str: 16    XL:     4   Next: 22%
Magic:  4/4        EV:  9    Int: 13    God:
Gold:   80         SH:  0    Dex: 11    Spells: 0/3 levels left

rFire   . . .      SeeInvis .    a - +3 hand axe
rCold   . . .      Faith    .    (no shield)
rNeg    . . .      Spirit   .    g - +0 scale mail
rPois   .          Reflect  .    (no helmet)
rElec   .          Harm     .    (no cloak)
rCorr   .          Rampage  .    (no gloves)
Will    .....                    (no boots)
Stlth   ..........               (no amulet)
HPRegen 0.13/turn                (no ring)
MPRegen 0.09/turn                (no ring)

@: no status effects
A: demonic guardian 1
a: no special abilities


You were on level 3 of the Dungeon.
You visited 1 branch of the dungeon, and saw 3 of its levels.

You collected 80 gold pieces.

Inventory:

Hand Weapons
 a - a +3 hand axe (weapon)
 b - a +0 short sword
Missiles
 h - 13 stones (quivered)
 q - 5 boomerangs
Armour
 d - a +0 leather armour
 f - a +0 ring mail
 g - a +0 scale mail (worn)
Magical Staves
 p - a staff of fire
Scrolls
 l - a scroll of enchant armour {unknown}
 o - a scroll of magic mapping
Potions
 c - a potion of heal wounds
 e - 4 potions of haste {unknown}
 i - a potion of invisibility
 j - a potion of brilliance {unknown}
 k - a potion of magic {unknown}
 m - 2 potions of flight {unknown}


   Skills:
 + Level 5.3 Fighting
 - Level 1.0 Short Blades
 * Level 3.0 Axes
 + Level 0.0 Armour
 - Level 2.0 Dodging
 - Level 1.0 Stealth
 * Level 0.1 Hexes
 - Level 1.0 Evocations


You couldn't memorise any spells.
You knew the following spells:

 Your Spells              Type           Power      Damage    Failure   Level
a - Tukima's Dance        Hex            0%         N/A       98%         3

Your spell library contained the following spells:

 Spells                   Type           Power      Damage    Failure   Level
 Passage of Golubria      Tloc           0%         N/A       100%        4
 Yara's Violent Unravell  Hex/Tmut       0%         3d3       100%        5


Dungeon Overview and Level Annotations

Branches:
Dungeon (3/15)

Altars:

Shops:
D:3 (

Annotations:
D:3 3 runed translucent doors, Grinder; nickcage's ghost, amateur MiGl


Innate Abilities, Weirdness & Mutations

A weak demonic guardian rushes to your aid.


Message History

You throw a stone. The stone hits Grinder.
Grinder is lightly wounded.
Grinder gestures at you. You resist with significant effort.
Throw: 15 stones
Press: ? - help, Q - select action, (/) - cycle Shift-Dir - straight line, f/p - Grinder
Aim: Grinder (lightly wounded, 53% to hit)
You throw a stone. The stone barely misses Grinder.
Throw: 14 stones
Press: ? - help, Q - select action, (/) - cycle Shift-Dir - straight line, f/p - Grinder
Aim: Grinder (lightly wounded, 53% to hit)
You throw a stone. The stone barely misses Grinder.
You slash Grinder!
Grinder is moderately wounded.
Grinder hits you but does no damage.
You hit Grinder.
Grinder is moderately wounded.
Grinder gestures at you. Pain shoots through your body!
A demonic guardian appears!
You hit Grinder.
Grinder is heavily wounded.
Grinder gestures at you.
You suddenly lose the ability to move!
Grinder barely misses you. Grinder gestures at you.
You shrug off the repeated paralysis!
You can move again.
You barely miss Grinder.
Grinder is heavily wounded.
Grinder hits you.
A demonic guardian appears!
You hit Grinder.
Grinder is heavily wounded.
Grinder hits you!
Your iron imp hits Grinder!
You closely miss Grinder.
Grinder is severely wounded.
Grinder hits you!
* * * LOW HITPOINT WARNING * * *
A demonic guardian appears!
Your iron imp closely misses Grinder.
Grinder hits you!
You die...

#.. ...# ##.....(# ....(...
#......# #......# #
##################.#+#.##.###
................@5..........
...##########..555...#.##.#
..........................#
..###########.......##.##.#
..# #<# #.......##<# ..# #.#
#.......#### ..# #.#
#.####.... ..# #.# #.. ..####
..# #.+ ... ....


You could see Grinder (ally target) and 3 friendly iron imps.

Vanquished Creatures
  3 adders
  2 dart slugs
  4 endoplasms
  2 giant cockroaches
  2 goblins
  5 hobgoblins
  2 quokkas (D:1)
  9 ball pythons
  4 bats
  4 frilled lizards
  3 kobolds
  4 rats
44 creatures vanquished.

Vanquished Creatures (collateral kills)
  An adder (D:3)
1 creature vanquished.

Grand Total: 45 creatures vanquished

Notes
Turn   | Place    | Note
-------+----------+-------------------------------------------
     0 | D:1      | IdlyInterested the Demonspawn Wanderer began the quest for
                  | the Orb.
     0 | D:1      | IdlyInterested set off with the following items: a +3 hand
                  | axe, a +0 short sword, a potion of heal wounds, a +0
                  | leather armour.
     0 | D:1      | Reached XP level 1. HP: 21/21 MP: 1/1
   329 | D:1      | Gained mutation: A weak demonic guardian rushes to your
                  | aid. [demonic ancestry]
   329 | D:1      | Reached XP level 2. HP: 27/27 MP: 2/2
   677 | D:1      | Reached skill level 1 in Dodging
   865 | D:2      | Reached XP level 3. HP: 24/33 MP: 3/3
   978 | D:2      | You fall into a shaft and drop 1 floor!
  1028 | D:3      | Noticed nickcage's ghost (amateur MiGl)
  1031 | D:3      | Found a runed translucent gate.
  1031 | D:3      | Found a runed translucent gate.
  1031 | D:3      | Found a runed translucent gate.
  1221 | D:3      | Found Aschad's Weapon Boutique.
  1620 | D:2      | Reached XP level 4. HP: 38/39 MP: 4/4
  1630 | D:2      | Learned a level 3 spell: Tukima's Dance
  2245 | D:3      | Noticed Grinder
  2268 | D:3      | Paralysed by Grinder for 3 turns
  2273 | D:3      | Mangled by Grinder

Illustrated notes

Levels and vault maps discovered:
D:1:      dpeg_arrival_houses_and_road, layout_basic, kennysheep_flooded_box
D:2:      layout_rooms
D:3:      layout_basic, gammafunk_ghost_split, serial_shops, shop,
          saegor_snake_ambush, uniq_grinder, uniq_jessica

Skill      XL: |  1  2  3  4 |
---------------+-------------+-----
Axes           | 2 3 |  3.0
Dodging        | 1 2 |  2.0
Fighting       | |  5.3
Short Blades   | |  1.0
Stealth        | |  1.0
Hexes          | |  0.1
Evocations     | |  1.0

Action                   |  1- 3 |  4- 6 || total
-------------------------+-------+-------++-------
Melee: Hand axe          |    88 |    27 ||   115
       Punch             |     1 |       ||     1
Throw: Stone             |       |    11 ||    11
       Dart              |       |     2 ||     2
  Use: Scroll            |     4 |     1 ||     5
Armor: Scale mail        |    42 |    13 ||    55
       Leather armour    |     3 |       ||     3
Dodge: Dodged            |    46 |    14 ||    60

Table legend: (Time is in decaauts)
 A = Elapsed time spent in this place.
 B = Non-inter-level travel time spent in this place.
 C = Inter-level travel time spent in this place.
 D = Time resting spent in this place.
 E = Time spent auto-exploring this place.
 F = Levels seen in this place.
 G = Mean time per level.
                   A        B        C        D        E       F      G
               +--------+--------+--------+--------+--------+-----+--------+
         Total |   2299 |   2140 |    159 |    322 |   1298 |   3 |  766.3 |
       Dungeon |   2299 |   2140 |    159 |    322 |   1298 |   3 |  766.3 |
               +--------+--------+--------+--------+--------+-----+--------+

Top non-repeatable levels by time:
     D:1: 923 daAuts
     D:3: 704 daAuts
     D:2: 671 daAuts
